 Dungeon Crawl Stone Soup version 0.31-a0-145-g046c7d2549 (webtiles) character file.

Game seed: 2906621626812916314

467 Edyrem the Trooper (level 7, -6/37 HPs)
             Began as a Vine Stalker Fighter on June 6, 2023.
             Mangled by an ogre
             ... wielding a +0 giant club
              (16 damage)
             ... on level 5 of the Dungeon.
             The game lasted 00:07:45 (3122 turns).

Edyrem the Trooper (Vine Stalker Fighter)           Turns: 3122, Time: 00:07:46

Health: -6/37      AC:  8    Str: 20    XL:     7   Next: 8%
Magic:  0/8        EV: 11    Int:  8    God:
Gold:   206        SH:  5    Dex: 14    Spells: 6/6 levels left

rFire   . . .        a - +3 whip
rCold   + . .        e - +0 buckler
rNeg    . . .        B - +4 robe "Xijinit" {rC+}
rPois   .            o - +0 helmet
rElec   .            (no cloak)
rCorr   .            (no gloves)
SInv    .            j - +0 pair of boots
Will    .....        (no amulet)
Stlth   +            (no ring)
HPRegen 1.06/turn    (no ring)
MPRegen 0.11/turn

%: guardian spirit
@: no status effects
A: fangs 2, regeneration 1, magic shield, antimagic bite, no potion heal 2
a: no special abilities


You were on level 5 of the Dungeon.
You visited 1 branch of the dungeon, and saw 5 of its levels.

You collected 206 gold pieces.

Inventory:

Hand Weapons
 a - a +3 whip (weapon)
 b - a +0 dagger
Missiles
 f - 16 poisoned darts (quivered)
Armour
 e - a +0 buckler (worn)
 j - a +0 pair of boots (worn)
 n - a +0 scale mail
 o - a +0 helmet (worn)
 B - the +4 robe "Xijinit" (worn) {rC+}
   (You found it on level 5 of the Dungeon)

   rC:        It protects you from cold.
Wands
 q - a wand of iceblast (10)
 t - a wand of flame (13)
 w - a wand of digging (3)
Scrolls
 d - a scroll of noise {unknown}
 g - 5 scrolls of identify {unknown}
 h - a scroll of magic mapping {unknown}
 k - 2 scrolls of fog {unknown}
 m - 2 scrolls of blinking {unknown}
 p - 2 scrolls of amnesia {unknown}
 u - a scroll of immolation {unknown}
 y - a scroll of fear {unknown}
Potions
 c - 4 potions of might
 i - 4 potions of heal wounds {unknown}
 l - a potion of lignification {unknown}
 r - a potion of mutation {unknown}
 s - a potion of curing {unknown}
 v - a potion of resistance {unknown}
 x - a potion of cancellation {unknown}
 z - a potion of haste {unknown}
 A - a potion of degeneration {unknown}


   Skills:
 + Level 3.9 Fighting
 * Level 2.8 Short Blades
 - Level 0.6 Maces & Flails
 + Level 3.4 Armour
 + Level 1.7 Dodging
 - Level 3.1 Shields
 + Level 3.5 Unarmed Combat


You had 6 spell levels left.
You didn't know any spells.
Your spell library contained the following spells:

 Spells                   Type           Power      Damage    Failure   Level
 Beastly Appendage        Tmut           0%         N/A       47%         1
 Lesser Beckoning         Tloc           0%         N/A       63%         2
 Wereblood                Tmut           0%         N/A       63%         2
 Gell's Gravitas          Tloc           0%         N/A       85%         3
 Spider Form              Tmut/Pois      0%         N/A       85%         3
 Teleport Other           Tloc           0%         N/A       85%         3


Dungeon Overview and Level Annotations

Branches:
Dungeon (5/15)
 Temple: D:4-7

Altars:
Dithmenos
Fedhas
Nemelex Xobeh
Qazlal
Sif Muna
Xom
The Shining One

Shops:
D:1 :(=   D:3 ?


Innate Abilities, Weirdness & Mutations

You have extremely sharp teeth.
Your natural rate of healing is unusually fast.
When hurt, damage is shared between your health and your magic reserves.
Your bite disrupts and absorbs the magic of your enemies.
Potions cannot restore your health.


Message History

The iguana closely misses you.
You closely miss the iguana. You bite the iguana. You drain its power.
You feel invigorated.
The iguana is heavily wounded.
The iguana bites you.
You hit the iguana. You bite the iguana.
You kill the iguana!
Your life force feels restored.
No target in view!
No target in view!
You see here the +4 robe "Xijinit" {rC+}.
Press: ? - help, v - describe, . - travel, g - get item Item here: the +4 robe "Xijinit" {rC+}.
The floor.
You start removing your armour.
You continue taking off your +0 scale mail. x4
You finish taking off your +0 scale mail.
You start putting on your armour.
You continue putting on the +4 robe "Xijinit" {rC+}. x5
You finish putting on the +4 robe "Xijinit" {rC+}.
An ice beast comes into view.
An ogre comes into view. It is wielding a +0 giant club.
The ice beast moves out of view.
The ogre shouts!
You hit the ogre.
The ogre is moderately wounded.
The ogre hits you with a +0 giant club!!
You are too injured to fight recklessly!
You are too injured to fight recklessly!
You hit the ogre. You bite the ogre. You drain its power.
You feel invigorated.
The ogre is severely wounded.
The ogre hits you with a +0 giant club!!
* * * LOW HITPOINT WARNING * * *
You whack the ogre!
The ogre is almost dead.
You hit the ogre but do no damage.
The ogre is almost dead.
A hound comes into view.
The ogre hits you with a +0 giant club!!
You die...

#+######
#.##
#......# #.#
######.###.#
######.....#
#.......####
#.####'##
#.....#
#...(.#
#@....#
#.hYO.....#
###.#######
#> #


You could see an ice beast, an ogre and a hound (wandering).

Vanquished Creatures
  A phantom (D:4)
  A scorpion (D:4)
  2 hounds
  A sleepcap (D:4)
  2 iguanas (D:5)
  An orc wizard (D:5)
  Robin (D:3)
  5 adders
  An ufetubus (D:4)
  2 dart slugs (D:3)
  5 orcs
  8 ball pythons
  6 endoplasms
  4 giant cockroaches
  14 goblins
  5 hobgoblins
  6 jackals
  12 kobolds
  6 quokkas
  7 bats
  5 frilled lizards
  6 rats
101 creatures vanquished.

Notes
Turn   | Place    | Note
-------+----------+-------------------------------------------
     0 | D:1      | Edyrem the Vine Stalker Fighter began the quest for the
                  | Orb.
     0 | D:1      | Reached XP level 1. HP: 11/11 MP: 2/2
     5 | D:1      | Noticed a minotaur zombie
    10 | D:1      | Noticed a merfolk zombie
    12 | D:1      | Noticed a demonspawn zombie
    28 | D:1      | Found Namaaxza's Antique Weapon Shop.
    87 | D:1      | Reached XP level 2. HP: 16/16 MP: 3/3
   188 | D:1      | Found Lugyxol's Book Boutique.
   307 | D:1      | Reached XP level 3. HP: 18/20 MP: 4/4
   536 | D:1      | Found Kotz's Jewellery Emporium.
  1027 | D:2      | Gained mutation: Your natural rate of healing is unusually
                  | fast. [Vine Stalker growth]
  1027 | D:2      | Reached XP level 4. HP: 12/24 MP: 3/5
  1294 | D:2      | You fall into a shaft and drop 2 floors!
  1322 | D:4      | Noticed a phantom
  1739 | D:3      | Noticed Robin
  1758 | D:3      | Reached skill level 1 in Short Blades
  1772 | D:3      | Killed Robin
  1790 | D:3      | Reached XP level 5. HP: 25/28 MP: 6/6
  1856 | D:3      | Reached skill level 1 in Dodging
  2025 | D:3      | Found a sparkling altar of Nemelex Xobeh.
  2028 | D:3      | Found a shimmering blue altar of Sif Muna.
  2029 | D:3      | Found a shadowy altar of Dithmenos.
  2029 | D:3      | Found a shimmering altar of Xom.
  2180 | D:3      | Found The Oracle's Delphic Readings.
  2467 | D:4      | Killed a phantom
  2468 | D:4      | Reached XP level 6. HP: 19/33 MP: 3/7
  2486 | D:4      | Identified the +1 robe "Niz Ikhubre" {rPois Int-3 Archmagi}
  2678 | D:4      | Found a glowing golden altar of the Shining One.
  2878 | D:5      | Entered Level 5 of the Dungeon
  2899 | D:5      | Found a blossoming altar of Fedhas.
  2899 | D:5      | Found a stormy altar of Qazlal.
  2936 | D:5      | Reached XP level 7. HP: 21/36 MP: 3/8
  3097 | D:5      | Identified the +4 robe "Xijinit" {rC+}
  3122 | D:5      | Mangled by an ogre

Illustrated notes

Levels and vault maps discovered:
D:1:      shiori_arrival_whats_in_store_for_you, layout_rooms, serial_shops,
          shop, nicolae_lakefront_shop, shop, minmay_pentomino_x2
D:2:      layout_basic
D:3:      layout_loops_ring, grunt_temple_overflow_open, serial_bayou_pond_a,
          nicolae_nh_oracle_at_delphi, uniq_robin
D:4:      layout_rooms, tso_metal_star, kennysheep_diamond
D:5:      layout_basic, grunt_temple_overflow_forces_of_nature, demons_altar,
          trog_book, item_on_display_a

Skill      XL: |  1  2  3  4  5 |
---------------+----------------+-----
Shields        | 3 |  3.1
Fighting       | 3 |  3.9
Short Blades   | 1 2 |  2.8
Armour         | 3 |  3.4
Dodging        | 1 |  1.7
Unarmed Combat | 3 |  3.5
Maces & Flails | |  0.6

Action                     |  1- 3 |  4- 6 |  7- 9 || total
---------------------------+-------+-------+-------++-------
  Melee: Unarmed           |    48 |       |       ||    48
         Bite              |    38 |    58 |     4 ||   100
         Dagger            |   128 |    33 |       ||   161
         Whip              |       |   186 |     9 ||   195
  Throw: Dart              |     1 |       |       ||     1
 Armour: Scale mail        |    73 |   112 |       ||   185
  Dodge: Dodged            |    87 |   109 |     4 ||   200
  Block: Buckler           |    36 |    53 |       ||    89

Table legend: (Time is in decaauts)
 A = Elapsed time spent in this place.
 B = Non-inter-level travel time spent in this place.
 C = Inter-level travel time spent in this place.
 D = Time resting spent in this place.
 E = Time spent auto-exploring this place.
 F = Levels seen in this place.
 G = Mean time per level.
                   A        B        C        D        E       F      G
               +--------+--------+--------+--------+--------+-----+--------+
         Total |   3149 |   2908 |    241 |     25 |   2102 |   5 |  629.8 |
       Dungeon |   3149 |   2908 |    241 |     25 |   2102 |   5 |  629.8 |
               +--------+--------+--------+--------+--------+-----+--------+

Top non-repeatable levels by time:
     D:2: 1010 daAuts
     D:3: 702 daAuts
     D:1: 629 daAuts
     D:4: 557 daAuts
     D:5: 248 daAuts
